 Dungeon Crawl Stone Soup version 0.31-a0-237-g2d982f9f85 (webtiles) character file.

Game seed: 495884466479659976

808 qw the Skirmisher (level 7, -1/60 HPs)
             Began as a Minotaur Hexslinger on July 11, 2023.
             Was a Follower of Okawaru.
             Slain by an orc warrior
             ... wielding a +0 flail
              (15 damage)
             ... on level 7 of the Dungeon.
             The game lasted 00:01:58 (5468 turns).

qw the Skirmisher (Minotaur Hexslinger)             Turns: 5468, Time: 00:01:58

Health: -1/60      AC:  6    Str: 12    XL:     7   Next: 60%
Magic:  8/8        EV: 13    Int: 10    God:    Okawaru [*.....]
Gold:   331        SH:  0    Dex: 15    Spells: 7/8 levels left

rFire   . . .        Y - +1 sling
rCold   . . .        (no shield)
rNeg    . . .        e - +0 ring mail
rPois   .            (helmet restricted)
rElec   .            c - scarf {repulsion}
rCorr   .            (no gloves)
SInv    +            (no boots)
Will    .....        (no amulet)
Stlth   ++           b - ring of see invisible
HPRegen 0.30/turn    (no ring)
MPRegen 0.11/turn

%: repel missiles
@: heroic
A: horns 2, retaliatory headbutt
a: Renounce Religion, Heroism


You were on level 7 of the Dungeon.
You worshipped Okawaru.
Okawaru was aware of your devotion.
You visited 1 branch of the dungeon, and saw 7 of its levels.

You collected 331 gold pieces.


Innate Abilities, Weirdness & Mutations

You have a pair of horns on your head.
You reflexively headbutt those who attack you in melee.


   Skills:
 + Level 4.4(9.4) Fighting
 - Level 8.0(13.0) Ranged Weapons
 - Level 1.0(6.0) Armour
 - Level 2.1(7.1) Dodging
 - Level 1.0 Spellcasting
 - Level 2.0 Hexes
 + Level 2.8 Invocations


You had 7 spell levels left.
You knew the following spells:

 Your Spells              Type           Power      Damage    Failure   Level
a - Slow                  Hex            16%        N/A       30%         1

Your spell library contained the following spells:

 Spells                   Type           Power      Damage    Failure   Level
 Inner Flame              Hex/Fire       2%         N/A       80%         3
 Portal Projectile        Hex/Tloc       4%         N/A       80%         3
 Cause Fear               Hex            2%         N/A       97%         4

Inventory:

Hand Weapons
 Y - a +1 sling (weapon)
Armour
 c - a scarf of repulsion (worn)
 e - a +0 ring mail (worn)
 i - a +2 cloak
Jewellery
 b - a ring of see invisible (left hand)
 m - a +6 ring of dexterity
Scrolls
 a - a scroll of identify
 k - a scroll of enchant armour
Potions
 d - a potion of enlightenment
 f - a potion of heal wounds
 g - a potion of berserk rage {unknown}
 h - a potion of curing {unknown}
 j - a potion of lignification {unknown}
 l - a potion of cancellation {unknown}

Dungeon Overview and Level Annotations

Branches:
Dungeon (7/15)             Temple (0/1) D:5

Altars:
Ashenzari
Dithmenos
Elyvilon
Makhleb
Okawaru
Ru
Sif Muna
Xom


Message History

The orc warrior misses you. You furiously retaliate!
You headbutt the orc warrior. You shoot a sling bullet.
The sling bullet hits the orc warrior but does no damage.
The orc warrior is heavily wounded.
The orc wizard hits you with a +0 dagger.
The orc hits you with a +0 short sword.
The orc warrior hits you with a +0 flail!
You shoot a sling bullet.
The sling bullet barely misses the orc warrior.
The orc wizard hits you but does no damage.
The orc barely misses you. You furiously retaliate!
You headbutt the orc.
The orc warrior hits you with a +0 flail!
5463 ||| DRINKING 2 potions of heal wounds.
You feel much better. The orc wizard closely misses you.
The orc hits you with a +0 short sword. The orc warrior barely misses you.
You shoot a sling bullet. The sling bullet hits the orc warrior.
The orc warrior is heavily wounded.
The orc wizard hits you with a +0 dagger.
The orc hits you but does no damage.
The orc warrior hits you but does no damage.
You shoot a sling bullet.
The sling bullet hits the orc warrior but does no damage.
The orc warrior is heavily wounded.
You shoot a sling bullet. The sling bullet hits the orc warrior.
The orc warrior is severely wounded.
The orc wizard hits you but does no damage.
The orc hits you but does no damage. The orc warrior barely misses you.
You shoot a sling bullet.
The sling bullet barely misses the orc warrior.
The orc hits you with a +0 short sword.
The orc warrior hits you with a +0 flail!
The orc wizard hits you with a +0 dagger.
You shoot a sling bullet.
The sling bullet closely misses the orc warrior.
The orc wizard hits you with a +0 dagger.
The orc hits you with a +0 short sword.
The orc warrior hits you with a +0 flail!
You die...

########.#
.....<...#### #####
.###........# #...#
.###<##..##.# ###...###
.....##..##.###.......#
.##..##...............#
#.......#.###.......#
###........# ###...###
.......?..### #@o..#
..######.## #oo.## #
#.# #...# #.# ##.## #+#
#.# #.# #.# ..


You could see an orc warrior, an orc wizard and an orc.

Vanquished Creatures
  2 phantoms
  A bullfrog (D:7)
  2 scorpions
  2 hounds
  2 orc priests (D:5)
  2 iguanas
  An orc wizard (D:5)
  Terence (D:2)
  2 sleepcaps
  4 gnolls (D:3)
  5 adders
  A white imp (D:6)
  An ufetubus (D:6)
  2 worms (D:3)
  A dart slug (D:4)
  9 orcs
  9 ball pythons
  7 bats
  7 endoplasms
  5 giant cockroaches
  11 goblins
  6 hobgoblins
  2 jackals (D:4)
  7 kobolds
  A quokka (D:1)
  5 frilled lizards
  6 rats
  A butterfly (D:5)
105 creatures vanquished.

Notes
Turn   | Place    | Note
-------+----------+-------------------------------------------
     0 | D:1      | qw the Minotaur Hexslinger began the quest for the Orb.
     0 | D:1      | Reached XP level 1. HP: 16/16 MP: 1/1
     0 | D:1      | 0 ||| qw: Version: 0.3-a-52-g30416fa
     0 | D:1      | 0 ||| qw: Game counter: 5467
     0 | D:1      | 0 ||| qw: Melee chars always use a shield: true
     0 | D:1      | 0 ||| qw: God list: Okawaru
     0 | D:1      | 0 ||| qw: Allow faded altars: false
     0 | D:1      | 0 ||| qw: Do Orc after clearing Dungeon:15 true
     0 | D:1      | 0 ||| qw: Do second Lair branch before Depths: true
     0 | D:1      | 0 ||| qw: Lair rune preference: random
     0 | D:1      | 0 ||| qw: Goals: Normal
     0 | D:1      | 0 ||| PLANNING D:1-11
   155 | D:1      | Reached skill level 3 in Ranged Weapons
   155 | D:1      | Reached XP level 2. HP: 18/23 MP: 2/2
   332 | D:1      | Found a faded altar of an unknown god.
   401 | D:1      | Reached XP level 3. HP: 29/29 MP: 3/3
   554 | D:1      | 554 ||| UPGRADING to +0 ring mail.
   564 | D:1      | 564 ||| DROPPING +0 robe.
   565 | D:1      | 565 ||| READING scroll labelled YSEESI VOCOLL.
   566 | D:1      | 566 ||| READING scroll labelled WATERGH EFAU.
   567 | D:1      | 567 ||| READING 2 scrolls labelled GAELYS BAPLE.
   572 | D:1      | 572 ||| READING scroll labelled UCHUTOE XUZOT UTZE.
   573 | D:1      | 573 ||| READING scroll labelled VOMACZ WAULI.
   574 | D:1      | 574 ||| DROPPING scroll of poison.
   589 | D:2      | 589 ||| STAIRDANCE
   609 | D:2      | Noticed Terence
   616 | D:2      | Killed Terence
   617 | D:2      | Reached skill level 4 in Ranged Weapons
   701 | D:2      | HP: 6/29 [sleepcap (15)]
   702 | D:2      | 702 ||| READING scroll of teleportation.
   705 | D:2      | 705 ||| FLEEEEING.
   706 | D:2      | 706 ||| FLEEEEING.
   707 | D:2      | 707 ||| FLEEEEING.
   708 | D:2      | 708 ||| STAIRDANCE
   711 | D:1      | HP: 6/29 [goblin/+0 club (3)]
   820 | D:2      | You fall into a shaft and drop 1 floor!
   913 | D:3      | Found an iron altar of Okawaru.
   914 | D:3      | 914 ||| PLANNING OKAWARU WORSHIP
   928 | D:3      | Reached skill level 1 in Armour
   928 | D:3      | Reached XP level 4. HP: 15/36 MP: 4/4
  1009 | D:3      | 1009 ||| READING scroll labelled QAIM NELLUIFIO.
  1011 | D:3      | Found a shimmering altar of Xom.
  1028 | D:3      | Became a worshipper of Warmaster Okawaru
  1029 | D:3      | 1029 ||| PLANNING D:1-11
  1245 | D:2      | Reached skill level 5 in Ranged Weapons
  1484 | D:2      | 1484 ||| UPGRADING to scarf of repulsion.
  1489 | D:2      | 1489 ||| READING scroll labelled ZANAODIGEXE.
  1490 | D:2      | 1490 ||| READING 2 scrolls of identify.
  1490 | D:2      | 1490 ||| IDENTIFYING lumpy emerald potion
  1641 | D:3      | Reached XP level 5. HP: 34/44 MP: 5/5
  1840 | D:3      | Reached skill level 3 in Fighting
  1853 | D:3      | HP: 9/45 [gnoll/+0 flail (6)]
  1854 | D:3      | 1854 ||| READING scroll of teleportation.
  1855 | D:3      | 1855 ||| DRINKING potion of heal wounds.
  1945 | D:3      | 1945 ||| FLEEEEING.
  2252 | D:3      | Found a burning altar of Makhleb.
  2279 | D:3      | Found a white marble altar of Elyvilon.
  2443 | D:3      | 2443 ||| UPGRADING to ring of see invisible.
  2444 | D:3      | 2444 ||| DRINKING 2 smoky pink potions.
  2445 | D:3      | 2445 ||| DROPPING potion of invisibility.
  2495 | D:4      | Noticed a phantom
  2510 | D:4      | Killed a phantom
  2511 | D:4      | Reached skill level 6 in Ranged Weapons
  2714 | D:4      | Reached XP level 6. HP: 42/51 MP: 6/6
  2987 | D:4      | Found a broken altar of Ashenzari.
  3047 | D:4      | Found a sacrificial altar of Ru.
  3501 | D:4      | Reached * piety under Okawaru
  3650 | D:4      | 3650 ||| READING scroll labelled HOOJINTI GUHAE.
  3651 | D:4      | 3651 ||| READING scroll labelled ENLAW OGROTO.
  3652 | D:4      | 3652 ||| DRINKING 2 smoky coppery potions.
  3653 | D:4      | 3653 ||| DROPPING potion of attraction.
  3655 | D:5      | Entered Level 5 of the Dungeon
  3673 | D:5      | Found a staircase to the Ecumenical Temple.
  3926 | D:5      | Reached skill level 7 in Ranged Weapons
  4133 | D:5      | Found a shimmering blue altar of Sif Muna.
  4175 | D:5      | 4175 ||| INVOKING Heroism.
  4183 | D:5      | Reached XP level 7. HP: 59/59 MP: 4/7
  4188 | D:5      | 4188 ||| INVOKING Heroism.
  4201 | D:5      | Reached skill level 1 in Invocations
  4582 | D:5      | 4582 ||| DRINKING 2 sedimented pink potions.
  4887 | D:6      | Found a shadowy altar of Dithmenos.
  5111 | D:6      | Reached skill level 8 in Ranged Weapons
  5446 | D:7      | 5446 ||| INVOKING Heroism.
  5462 | D:7      | HP: 9/60 [orc warrior/+0 flail (16)]
  5463 | D:7      | 5463 ||| DRINKING 2 potions of heal wounds.
  5468 | D:7      | HP: 14/60 [orc/+0 short sword (4)]
  5468 | D:7      | Slain by an orc warrior

Levels and vault maps discovered:
D:1:      minmay_arrival_nine_rooms, layout_rooms,
          shapermc_ecumenical_altar_flowoftime
D:2:      minmay_spotlight, layout_basic, uniq_terence
D:3:      layout_loops_ring, chequers_temple_overflow_statue_of_worship,
          mainiacjoe_overflow_two_lobes
D:4:      layout_basic, lemuel_crystal_altar, cheibrodos_ashenzari_chains,
          grunt_ministairs_6
D:5:      layout_loops_corners, lemuel_round_altar,
          minmay_temple_entry_butterflies, chequers_serial_rivers_micro_b,
          hangedman_decor_points
D:6:      layout_gridville, grunt_dithmenos_shadows, minmay_misc_feat_five
D:7:      layout_loops_corners, uniq_duvessa

Skill      XL: |  1  2  3  4  5  6  7 |
---------------+----------------------+-----
Ranged Weapons | 3 4 5 6 7 8 |  8.0
Fighting       | 2 3 4 |  4.4
Armour         | 1 |  1.0
Invocations    | 2 |  2.8
Dodging        | |  2.1
Spellcasting   | |  1.0
Hexes          | |  2.0

Action                     |  1- 3 |  4- 6 |  7- 9 || total
---------------------------+-------+-------+-------++-------
   Fire: Sling             |   120 |   229 |   110 ||   459
 Invoke: Heroism           |       |     1 |     2 ||     3
    Use: Scroll            |     6 |     6 |       ||    12
         Potion            |       |     3 |     2 ||     5
 Armour: Robe              |     4 |       |       ||     4
         Ring mail         |    13 |    29 |    26 ||    68
  Dodge: Dodged            |    28 |    74 |    48 ||   150
         Repelled          |       |     1 |       ||     1

Table legend:
 A = Non-vault XP
 B = Vault XP
 C = Vault XP percentage of total XP
 D = Non-vault monster count
 E = Vault monster count
 F = Vault count percentage of total count
                 A         B        C        D         E       F
            +---------+---------+-------+---------+---------+-------
      Total |     990 |     165 |  14.3 |      96 |       8 |   7.7
            +---------+---------+-------+---------+---------+-------
        D:1 |      50 |       0 |   0.0 |      29 |       0 |   0.0
        D:2 |      44 |      54 |  55.1 |       8 |       5 |  38.5
        D:3 |     114 |       0 |   0.0 |      24 |       0 |   0.0
        D:4 |     331 |       4 |   1.2 |      19 |       2 |   9.5
        D:5 |     249 |       0 |   0.0 |      11 |       0 |   0.0
        D:6 |     106 |     107 |  50.2 |       3 |       1 |  25.0
        D:7 |      96 |       0 |   0.0 |       2 |       0 |   0.0
            +---------+---------+-------+---------+---------+-------
